 Dungeon Crawl Stone Soup version 0.31-a0-240-gb923e448b6 (webtiles) character file.

Game seed: 11004814965904198473

2 British0li the Sneak (level 1, 0/18 HPs)
             Began as a Demonspawn Delver on July 11, 2023.
             Slain by an orc
             ... wielding a +0 club
              (4 damage)
             ... on level 5 of the Dungeon.
             The game lasted 00:00:22 (57 turns).

British0li the Sneak (Demonspawn Delver)              Turns: 57, Time: 00:00:23

Health: 0/18       AC:  3    Str: 12    XL:     1   Next: 25%
Magic:  1/1        EV: 11    Int: 11    God:
Gold:   0          SH:  0    Dex: 14    Spells: 0/0 levels left

rFire   . . .        a - +0 falchion
rCold   . . .        (no shield)
rNeg    . . .        b - +0 leather armour
rPois   .            (no helmet)
rElec   .            (no cloak)
rCorr   .            (no gloves)
SInv    .            (no boots)
Will    .....        (no amulet)
Stlth   ++           (no ring)
HPRegen 0.23/turn    (no ring)
MPRegen 0.07/turn

%: no passive effects
@: no status effects
A: no striking features
a: no special abilities


You were on level 5 of the Dungeon.
You visited 1 branch of the dungeon, and saw 1 of its levels.

Inventory:

Hand Weapons
 a - a +0 falchion (weapon)
Armour
 b - a +0 leather armour (worn)
Wands
 g - a wand of digging (3)
Scrolls
 c - a scroll of fog
 d - a scroll of revelation
 e - a scroll of fear
 h - a scroll of amnesia {unknown}
Potions
 f - a potion of haste


   Skills:
 + Level 3.0 Fighting
 + Level 1.8 Long Blades
 + Level 1.8 Dodging
 + Level 4.5 Stealth


You couldn't memorise any spells.
You didn't know any spells.
Your spell library was empty.

Dungeon Overview and Level Annotations

Branches:
Dungeon (5/15)
 Temple: D:4-7

Altars:

Annotations:
D:5 Eustachio


Message History

You hit the orc but do no damage. The orc misses you.
The orc barely misses you.
You barely miss the orc. The orc hits you but does no damage.
The orc closely misses you.
You hit the orc.
The orc is severely wounded.
The orc completely misses you.
You hit the orc but do no damage.
The orc is severely wounded.
The orc closely misses you. The orc barely misses you.
You barely miss the orc.
The orc is severely wounded.
The orc closely misses you. x3; The orc hits you with a +0 falchion.
The orc closely misses you. The orc hits you but does no damage.
You closely miss the orc.
The orc is severely wounded.
The orc barely misses you. The orc hits you with a +0 club.
The orc barely misses you.
You hit the orc.
You kill the orc!
The orc closely misses you. The orc hits you with a +0 club.
You closely miss the orc. The orc barely misses you.
The orc hits you but does no damage. The orc hits you with a +0 falchion.
The orc hits you with a +0 club.
Things that are here:
a +0 war axe; a +0 leather armour; an orc corpse You are too injured to fight recklessly!
You are too injured to fight recklessly!
You are too injured to fight recklessly!
You hit the orc but do no damage. The orc closely misses you.
The orc hits you with a +0 club.
* * * LOW HITPOINT WARNING * * *
You hit the orc but do no damage. Your punch misses the orc.
The orc barely misses you. The orc completely misses you.
The orc hits you with a +0 falchion.
* * * LOW HITPOINT WARNING * * *
The orc barely misses you.
You hit the orc but do no damage. The orc barely misses you.
The orc hits you with a +0 club.
You die...

#.......# #.......#
#.......# #.......#
#.......##
#######.........
######...............
#....................
#............@o......
#.............o......
#....................
#....................
#....................
#....................
#..................$.
#.......(...###+##...
######...(..#....#...


You could see 2 orcs.

Vanquished Creatures
  An orc (D:5)
1 creature vanquished.

Notes
Turn   | Place    | Note
-------+----------+-------------------------------------------
     0 | D:5      | British0li the Demonspawn Delver began the quest for the
                  | Orb.
     0 | D:5      | Reached XP level 1. HP: 18/18 MP: 1/1
    15 | D:5      | Noticed Eustachio
    57 | D:5      | Slain by an orc

Illustrated notes

Levels and vault maps discovered:
D:5:      layout_gridville, grunt_temple_overflow_growth_and_decay,
          serial_shops, nicolae_shop_hallway_stairs,
          chequers_serial_rivers_marsh, corexii_shack, uniq_menkaure,
          uniq_eustachio

Action                     || total
---------------------------++-------
  Melee: Falchion          ||    11
 Armour: Leather armour    ||     3
  Dodge: Dodged            ||    20

Table legend: (Time is in decaauts)
 A = Elapsed time spent in this place.
 B = Non-inter-level travel time spent in this place.
 C = Inter-level travel time spent in this place.
 D = Time resting spent in this place.
 E = Time spent auto-exploring this place.
 F = Levels seen in this place.
 G = Mean time per level.
                   A        B        C        D        E       F      G
               +--------+--------+--------+--------+--------+-----+--------+
         Total |     59 |     59 |      0 |      0 |     12 |   1 |   59.0 |
       Dungeon |     59 |     59 |      0 |      0 |     12 |   1 |   59.0 |
               +--------+--------+--------+--------+--------+-----+--------+

Top non-repeatable levels by time:
     D:5: 59 daAuts
